 Dungeon Crawl Stone Soup version 0.24.0-2-g5b39cebb1c (webtiles) character file.

Game seed: 14038491116892892700, levelgen mode: deterministic

118 Descartes the Magician (level 4, -4/21 HPs)
             Began as a Spriggan Conjurer on Oct 31, 2019.
             Shot with an arrow by a centaur (14 damage)
             ... on level 2 of the Dungeon.
             The game lasted 00:07:52 (3414 turns).

Descartes the Magician (Spriggan Conjurer)          Turns: 3414, Time: 00:07:53

Health: -4/21      AC:  2    Str:  4    XL:     4   Next: 72%
Magic:  6/10       EV: 18    Int: 17    God:
Gold:   73         SH:  6    Dex: 16    Spells: 9/10 levels left

rFire    . . .     SeeInvis +   b - +0 hunting sling
rCold    . . .     Gourm    .   p - +0 buckler
rNeg     . . .     Faith    .   q - +0 robe
rPois    .         Spirit   .   (helmet restricted)
rElec    .         Reflect  .   (no cloak)
rCorr    .         Harm     .   (gloves unavailable)
MR       .....                  (boots unavailable)
Stlth    ++........             (no amulet)
HPRegen  0.07/turn              (no ring)
MPRegen  0.12/turn              (no ring)

@: very quick
A: very small, unfitting armour, see invisible, herbivore, speed 3, slow
metabolism 2
a: no special abilities


You were on level 2 of the Dungeon.
You were not hungry.

You visited 1 branch of the dungeon, and saw 2 of its levels.

You collected 73 gold pieces.

Inventory:

Hand Weapons
 a - a +0 short sword
 b - a +0 hunting sling (weapon)
Missiles
 d - 22 poisoned darts
 h - 24 stones (quivered)
 m - 16 bolts
Armour
 p - a +0 buckler (worn)
 q - a +0 robe (worn)
Scrolls
 e - 2 scrolls of teleportation {unknown}
 g - a scroll of immolation {unknown}
 i - 3 scrolls of identify {unknown}
 k - 2 scrolls of noise {unknown}
 n - a scroll of enchant armour {unknown}
 o - a scroll of fear {unknown}
Potions
 f - a potion of lignification {unknown}
 j - a potion of curing {unknown}
 l - a potion of degeneration {unknown}
 r - a potion of agility {unknown}
Comestibles
 c - 6 rations


   Skills:
 - Level 3.0 Dodging
 - Level 3.2 Stealth
 + Level 1.7 Shields
 - Level 3.8 Spellcasting
 - Level 3.6 Conjurations


You had 9 spell levels left.
You knew the following spells:

 Your Spells              Type           Power        Failure   Level  Hunger
a - Magic Dart            Conj           ###.         5%          1    None

Your spell library contained the following spells:

 Spells                   Type           Power        Failure   Level  Hunger
 Searing Ray              Conj           ###...       8%          2    ##.....
 Dazzling Spray           Conj/Hex       #.....       32%         3    ###....
 Iskenderun's Mystic Bla  Conj           ###.....     45%         4    ####...
 Force Lance              Conj/Tloc      #.......     73%         4    ####...
 Fulminant Prism          Conj/Hex       #.........   73%         4    ####...


Dungeon Overview and Level Annotations

Branches:
Dungeon (2/15)

Altars:

Annotations:
D:1 Terence
D:2 exclusion: centaur, Sigmund


Innate Abilities, Weirdness & Mutations

You are very small and have problems with some larger weapons.
You are too small for most types of armour.
You have supernaturally acute eyesight. (SInv)
You are a herbivore.
You cover ground extremely quickly.
You need to consume almost no food.


Message History

The centaur shoots an arrow.
You block the arrow.
Casting: Magic Dart (safe; 5% risk of failure)
Confirm with . or Enter, or press ? or * to list all spells.
Aiming: Magic Dart (safe; 5% risk of failure)
Press: ? - help, Shift-Dir - straight line, f/p - centaur
Aim: a centaur, wielding a +0 shortbow (moderately wounded)
The magic dart hits the centaur.
The centaur is moderately wounded.
The centaur shoots an arrow.
The arrow barely misses you.
Casting: Magic Dart (safe; 5% risk of failure)
Confirm with . or Enter, or press ? or * to list all spells.
Aiming: Magic Dart (safe; 5% risk of failure)
Press: ? - help, Shift-Dir - straight line, f/p - centaur
Aim: a centaur, wielding a +0 shortbow (moderately wounded)
The magic dart hits the centaur.
The centaur is heavily wounded.
The centaur shoots an arrow.
The arrow misses you.
The centaur shoots an arrow.
The arrow hits you!
Ouch! That really hurt!
You die...

#......# ######
#.####.# #.....
###.####.###.####
#...............#
###.#.####.###.##.#
#.....####.# #>##..
#..........# #.....
#.......c.## ######
#(@(..#...# #.
#.....##.#########.
########.#......##.
###.#......##.
#.....†....##.
#.#.#......##.
#.#.#......###
#.#........#
#.#........###


You could see a centaur.

Vanquished Creatures
  A hound zombie (D:2)
  4 adders (D:2)
  2 dart slugs (D:1)
  3 giant cockroaches
  5 goblins
  6 hobgoblins
  4 jackals (D:1)
  8 kobolds
  A quokka (D:2)
  8 bats
  3 frilled lizards (D:2)
  24 rats
69 creatures vanquished.

Notes
Turn   | Place    | Note
-------+----------+-------------------------------------------
     0 | D:1      | Descartes the Spriggan Conjurer began the quest for the
                  | Orb.
     0 | D:1      | Reached XP level 1. HP: 9/9 MP: 5/5
   269 | D:1      | Reached XP level 2. HP: 13/13 MP: 4/6
  1115 | D:1      | Reached XP level 3. HP: 16/16 MP: 1/8
  1721 | D:2      | Noticed Terence
  2145 | D:2      | Noticed a centaur
  2227 | D:2      | Noticed Sigmund
  2331 | D:2      | Reached XP level 4. HP: 21/21 MP: 8/10
  2471 | D:2      | Reached skill level 1 in Shields
  3414 | D:2      | Shot with an arrow by a centaur

Levels and vault maps discovered:
D:1:      dpeg_arrival_boxes_within_box, layout_basic, roderic_lattice_a
D:2:      layout_loops_cross, minmay_rat_hole, uniq_terence, uniq_sigmund

Skill      XL: |  1  2  3  4 |
---------------+-------------+-----
Conjurations   | 3 |  3.6
Spellcasting   | 3 |  3.8
Shields        | 1 |  1.7
Dodging        | |  3.0
Stealth        | |  3.2

Action                   |  1- 3 |  4- 6 || total
-------------------------+-------+-------++-------
Melee: Unarmed           |       |     2 ||     2
 Cast: Magic Dart        |   118 |    60 ||   178
Armor: Robe              |     2 |       ||     2
Dodge: Dodged            |    21 |    13 ||    34
Block: Buckler           |       |     7 ||     7
